 Dungeon Crawl Stone Soup version 0.27-a0-1384-g1422d76b99 (webtiles) character file.

Game seed: 5478241988376608647

17706 flotson the Covert (level 12, -3/80 HPs)
             Began as an Octopode Brigand on June 30, 2021.
             Was an Initiate of Gozag.
             Slain by a meliai (12 damage)
             ... on level 11 of the Dungeon.
             The game lasted 00:48:21 (15187 turns).

flotson the Covert (Octopode Brigand)              Turns: 15187, Time: 00:48:21

Health: -3/80      AC:  7    Str: 23    XL:     12   Next: 50%
Magic:  0/17       EV: 15    Int: 15    God:    Gozag
Gold:   1018       SH: 12    Dex: 19    Spells: 0/18 levels left

rFire    + . .     SeeInvis .   b - +4 hunting sling (vorpal)
rCold    + . .     Faith    .   L - +0 kite shield "Ryranapp" {Regen+ Str+2 Int+2}
rNeg     + . .     Spirit   +   A - +2 hat of Piycam {rPois rF+}
rPois    +         Reflect  .   l - amulet of guardian spirit
rElec    .         Harm     .   h - ring of wizardry
rCorr    .         Rampage  .   p - ring of protection from cold
Will     .....                  M - ring of the Okapi {*Slow rN+ Dex+5}
Stlth    ++++++....             N - +6 ring of strength
HPRegen  1.23/turn              d - +4 ring of protection
MPRegen  0.15/turn              (no ring)
                                (no ring)
                                (no ring)

@: lethally poisoned (-3 -> -15), slowed, very slow
A: almost no armour, amphibious, 8 rings, camouflage 1, gelatinous body 1,
(nimble swimmer 1), tentacles
a: Renounce Religion, Potion Petition, Call Merchant, Bribe Branch


You were on level 11 of the Dungeon.
You worshipped Gozag.
Gozag was most pleased with you.
You visited 2 branches of the dungeon, and saw 12 of its levels.
You also visited: Ossuary and Bailey.

You collected 4132 gold pieces.
You spent 1831 gold pieces at shops.
You paid 1283 gold pieces to Gozag.

Inventory:

Hand Weapons
 a - a +8 vampiric broad axe
 b - a +4 vorpal hunting sling (weapon)
 y - a +0 war axe of distortion
 K - a +0 short sword of electrocution
 P - a +4 scimitar of flaming
Missiles
 r - 25 poisoned darts
 z - 233 stones (quivered ammo)
 G - 3 curare-tipped darts
 H - 7 boomerangs
Armour
 A - the +2 hat of Piycam (worn) {rPois rF+}
   (You acquired it on level 9 of the Dungeon)

   rF:        It protects you from fire.
   rPois:     It protects you from poison.
 L - the +0 kite shield "Ryranapp" (worn) {Regen+ Str+2 Int+2}
   (You acquired it in a bailey)

   Str:       It affects your strength (+2).
   Int:       It affects your intelligence (+2).
   Regen:     It increases your rate of health regeneration.
Jewellery
 d - a +4 ring of protection (on tentacle)
 h - a ring of wizardry (left tentacle)
 l - an amulet of guardian spirit (around mantle)
 p - a ring of protection from cold (right tentacle)
 M - the ring of the Okapi (on tentacle) {*Slow rN+ Dex+5}
   (You acquired it in a bailey)

   [ring of positive energy]

   Dex:       It affects your dexterity (+5).
   rN:        It protects you from negative energy.
   *Slow:     It may slow you when you take damage.
 N - a +6 ring of strength (on tentacle)
Wands
 j - a wand of mindburst (6)
 C - a wand of polymorph (8)
 E - a wand of flame (48)
 O - a wand of iceblast (14)
Scrolls
 f - 2 scrolls of magic mapping {unknown}
 g - 4 scrolls of blinking {unknown}
 m - 3 scrolls of immolation {unknown}
 s - 2 scrolls of noise
 x - 2 scrolls of fog {unknown}
 B - a scroll of summoning {unknown}
 D - a scroll of amnesia {unknown}
 F - 2 scrolls of fear {unknown}
 I - a scroll of brand weapon
 Q - a scroll of identify
Potions
 c - a potion of magic
 e - a potion of brilliance
 i - 2 potions of berserk rage
 k - a potion of lignification
 n - 4 potions of heal wounds
 o - 5 potions of curing
 q - 6 potions of mutation
 t - a potion of flight
 u - 3 potions of ambrosia
 v - 3 potions of invisibility
 w - 2 potions of cancellation
 J - a potion of might


   Skills:
 + Level 6.3 Fighting
 - Level 5.0 Short Blades
 + Level 3.3 Axes
 - Level 6.3 Throwing
 + Level 5.9 Dodging
 - Level 10.1 Stealth
 + Level 9.2 Shields
 + Level 3.5 Spellcasting
 + Level 3.3 Conjurations
 + Level 2.9 Hexes
 + Level 3.3 Translocations
 + Level 3.2 Transmutations
 + Level 3.2 Fire Magic
 + Level 3.1 Air Magic
 + Level 5.3 Poison Magic
 + Level 4.1 Evocations


You couldn't memorise any spells.
You knew the following spells:

 Your Spells              Type           Power      Damage    Failure   Level
a - Blink                 Tloc           N/A        N/A       6%          2
b - Mephitic Cloud        Conj/Pois/Air  14%        N/A       10%         3
c - Ignite Poison         Fire/Tmut/Pois 14%        N/A       10%         3
d - Confusing Touch       Hex            11%        N/A       16%         3
e - Olgreb's Toxic Radia  Pois           18%        N/A       17%         4
f - Swiftness             Air            12%        N/A       13%         3

Your spell library contained the following spells:

 Spells                   Type           Power      Damage    Failure   Level
 Sting                    Tmut/Pois      60%        1d6       2%          1
 Magic Dart               Conj           48%        1d5       4%          1
 Shock                    Conj/Air       48%        1d6       4%          1
 Poisonous Vapours        Pois/Air       30%        N/A       4%          2
 Static Discharge         Conj/Air       12%        N/A       6%          2
 Slow                     Hex            11%        N/A       8%          2
 Gell's Gravitas          Tloc           6%         N/A       12%         3
 Conjure Flame            Conj/Fire      12%        6-21      13%         3
 Call Imp                 Summ           2%         N/A       24%         2
 Airstrike                Air            6%         N/A       38%         4
 Alistair's Intoxication  Tmut/Pois      10%        N/A       56%         5
 Petrify                  Tmut/Erth      7%         N/A       58%         4
 Fireball                 Conj/Fire      6%         3d5       71%         5
 Lightning Bolt           Conj/Air       6%         1d18      71%         5
 Yara's Violent Unravell  Hex/Tmut       5%         3d4       75%         5
 Summon Ice Beast         Ice/Summ       2%         N/A       82%         4
 Freezing Cloud           Conj/Ice/Air   4%         6-21      86%         5
 Metabolic Englaciation   Hex/Ice        3%         N/A       91%         5
 Starburst                Conj/Fire      6%         8x6d4     99%         6
 Ignition                 Fire           6%         3d4       100%        8


Dungeon Overview and Level Annotations

Branches:
Dungeon (11/15)            Temple (1/1) D:7         Ossuary (visited)
 Bailey (visited)
   Lair: D:8-11         Orc: D:9-12

Altars:
Ashenzari
Elyvilon
Fedhas
Gozag
Hepliaklqana
Kikubaaqudgha
Makhleb
Nemelex Xobeh
Sif Muna
Vehumet
Wu Jian
Xom
Yredelemnul
Zin

Shops:
D:1 ?   D:2 ?   D:8 =   D:9 !*   D:10 :[


Innate Abilities, Weirdness & Mutations

You cannot wear most types of armour.
You are amphibious.
You can wear up to eight rings at the same time.
Your skin changes colour to match your surroundings (Stealth+).
Your rubbery body absorbs attacks. (AC +1, EV +1)
((You are camouflaged near water. (Stealth+)))
You have tentacles for arms and can constrict up to eight enemies at once.


Message History

The meliai buzzes angrily.
The meliai is lightly wounded.
A meliai comes into view. It is wielding a +0 war axe.
The meliai mumbles some strange prayers to its god against you.
Something smites you!
The meliai buzzes angrily.
A meliai comes into view. It is wielding a +0 hand axe.
The meliai mumbles some strange prayers to its god against you.
Something smites you!
The meliai buzzes angrily.
The meliai calls down the wrath of its god upon you.
Something smites you!
The meliai calls upon its god to heal the meliai.
The meliai's wounds heal themselves!
The meliai misses you. You block the meliai's attack.
You block the meliai's attack. x2
You block the meliai's attack.
The meliai stings you but does no damage.
You block the meliai's attack.
The meliai stings you but does no damage.
The meliai hits you with a +0 war axe! The meliai stings you.
You feel yourself slow down.
The meliai calls down the wrath of its god upon you.
Something smites you!
The meliai mumbles some strange prayers to its god against you.
Something smites you! The meliai hits you with a +0 hand axe!
The meliai stings you.
* * * LOW HITPOINT WARNING * * *
You block the meliai's attack. x2
There is a stone staircase leading up, spattered with blood here.
You block the meliai's attack. The meliai stings you!
* * * LOW HITPOINT WARNING * * *
You are poisoned.
The meliai poisons you!
The meliai calls down the wrath of its god upon you.
Something smites you!
* * * LOW HITPOINT WARNING * * *
The meliai misses you. x2; The meliai hits you with a +0 war axe!
You die...
Your body crumbles into a pile of gold.

............#
..........y.#
............#
.###....##..#
#....##..#
#....##..#
#....##..#
#..yy##..#
#..y@# #....#
#....# #.....
.......
.........
..........
#########..


You could see 3 meliai.

Vanquished Creatures
  An orc warlord (Bailey)
  A death knight (D:9)
  Erica (D:9)
  A two-headed ogre (D:9)
  3 orc knights (Bailey)
  A cyclops (D:10)
  Maurice (D:8)
  A troll (D:9)
  3 yaks (D:8)
  A wyvern (D:9)
  A wraith (D:10)
  Eustachio (D:4)
  A water moccasin (D:9)
  2 sky beasts
  11 orc warriors
  2 ice beasts (D:8)
  A necrophage (D:6)
  An ogre (D:5)
  2 centaurs
  3 kobold brigands
  A scorpion (D:5)
  2 bullfrogs
  A wyvern zombie (D:7)
  3 water moccasin skeletons
  4 wights (D:7)
  3 killer bees (D:10)
  A bullfrog zombie (D:5)
  A human zombie (Ossuary)
  3 centaur zombies
  A hound (D:6)
  A jelly (D:4)
  4 orc priests
  Natasha (thrice) (D:3)
  Terence (D:3)
  An iguana (D:4)
  8 orc wizards
  A hound skeleton (D:4)
  2 mummies (Ossuary)
  9 gnolls (Bailey)
  10 adders
  A shadow imp (D:8)
  An ufetubus (D:7)
  4 adder zombies (Ossuary)
  An adder skeleton (D:5)
  2 dart slugs
  49 orcs
  7 endoplasms
  4 giant cockroaches
  18 hobgoblins
  4 jackals (D:1)
  20 kobolds
  3 quokkas
  5 ball pythons
  9 bats
  A frilled lizard (D:1)
  22 goblins
  3 goblin zombies (Ossuary)
  10 hobgoblin zombies (Ossuary)
  A jackal zombie (Ossuary)
  8 kobold zombies (Ossuary)
  7 orc zombies (Ossuary)
  6 rats
  A rat zombie (Ossuary)
286 creatures vanquished.

Notes
Turn   | Place    | Note
-------+----------+-------------------------------------------
     0 | D:1      | flotson the Octopode Brigand began the quest for the Orb.
     0 | D:1      | Reached XP level 1. HP: 14/14 MP: 1/1
   232 | D:1      | Found Noxkide's Magic Scroll Emporium.
   394 | D:1      | Reached XP level 2. HP: 19/19 MP: 2/2
   730 | D:1      | You fall into a shaft and drop 1 floor!
   741 | D:2      | Reached XP level 3. HP: 24/24 MP: 3/3
  1238 | D:2      | Found Syphav's Magic Scroll Emporium.
  1247 | D:2      | Bought a scroll of identify for 28 gold pieces
  1478 | D:1      | Found a faded altar of an unknown god.
  2075 | D:2      | Reached XP level 4. HP: 30/30 MP: 4/4
  2150 | D:3      | Noticed Terence
  2164 | D:3      | Killed Terence
  2165 | D:3      | Reached skill level 6 in Stealth
  2366 | D:3      | Reached XP level 5. HP: 36/36 MP: 5/5
  2477 | D:3      | Noticed Natasha
  2488 | D:3      | Killed Natasha
  2916 | D:3      | Noticed Natasha
  2940 | D:3      | Killed Natasha
  3139 | D:3      | Noticed Natasha
  3145 | D:3      | Killed Natasha
  3520 | D:4      | Reached XP level 6. HP: 39/42 MP: 6/6
  3538 | D:4      | Found a sand-covered staircase.
  3543 | Ossuary  | Entered an ossuary
  4378 | D:4      | Noticed Eustachio
  4387 | D:4      | Killed Eustachio
  4388 | D:4      | Reached skill level 7 in Stealth
  4388 | D:4      | Reached XP level 7. HP: 29/47 MP: 5/7
  4524 | D:4      | Found a hazy altar of Hepliaklqana.
  4865 | D:4      | Found an ancient bone altar of Kikubaaqudgha.
  5075 | D:5      | Entered Level 5 of the Dungeon
  5646 | D:5      | Learned a level 2 spell: Blink
  5650 | D:5      | Learned a level 3 spell: Mephitic Cloud
  5675 | D:5      | Reached XP level 8. HP: 38/54 MP: 6/8
  6713 | D:2      | Bought a scroll of identify for 28 gold pieces
  6713 | D:2      | Bought a scroll of identify for 28 gold pieces
  6713 | D:2      | Bought a scroll of identify for 28 gold pieces
  6950 | D:6      | Found a basalt altar of Yredelemnul.
  7000 | D:6      | Reached skill level 8 in Stealth
  7103 | D:6      | Learned a level 3 spell: Ignite Poison
  7172 | D:6      | Reached skill level 1 in Poison Magic
  7573 | D:6      | Found a shimmering blue altar of Sif Muna.
  7866 | D:7      | Reached skill level 1 in Conjurations
  7880 | D:7      | Reached skill level 1 in Air Magic
  7886 | D:7      | Reached skill level 1 in Spellcasting
  7886 | D:7      | Reached skill level 1 in Translocations
  8153 | D:7      | Reached skill level 1 in Evocations
  8440 | D:7      | Reached skill level 1 in Transmutations
  8440 | D:7      | Reached skill level 1 in Fire Magic
  8440 | D:7      | Reached XP level 9. HP: 35/60 MP: 8/10
  8770 | D:7      | Reached skill level 5 in Fighting
  8949 | D:7      | Found a staircase to the Ecumenical Temple.
  8970 | Temple   | Entered the Ecumenical Temple
  8994 | Temple   | Became a worshipper of Gozag Ym Sagoz the Greedy
  9237 | D:8      | Found a flagged portal.
  9245 | Bailey   | Entered a bailey
  9745 | Bailey   | Noticed an orc knight
  9869 | Bailey   | Killed an orc knight
  9870 | Bailey   | Reached skill level 5 in Short Blades
  9870 | Bailey   | Reached skill level 5 in Throwing
 10036 | Bailey   | Reached skill level 1 in Axes
 10088 | Bailey   | Identified 3 scrolls of acquirement
 10162 | Bailey   | Noticed an orc knight
 10176 | Bailey   | Killed an orc knight
 10177 | Bailey   | Reached skill level 9 in Stealth
 10269 | Bailey   | Reached skill level 5 in Dodging
 10269 | Bailey   | Reached XP level 10. HP: 66/66 MP: 13/13
 10275 | Bailey   | Learned a level 3 spell: Confusing Touch
 10387 | Bailey   | Noticed an orc knight
 10387 | Bailey   | Noticed an orc warlord
 10565 | Bailey   | Acquired the +0 kite shield "Ryranapp" {Regen+ Str+2 Int+2}
 10571 | Bailey   | Acquired the ring of the Okapi {*Slow rN+ Dex+5}
 10574 | Bailey   | Acquired a +6 ring of strength
 10576 | Bailey   | Acquired 1018 gold pieces
 10610 | Bailey   | Killed an orc knight
 10611 | Bailey   | Reached skill level 1 in Hexes
 10878 | Bailey   | Killed an orc warlord
 10879 | Bailey   | Reached skill level 1 in Shields
 10996 | Bailey   | Got the Grimoire of Changing and Cold
 11159 | D:2      | Bought a scroll of acquirement for 728 gold pieces
 11159 | D:2      | Bought a scroll of brand weapon for 280 gold pieces
 11255 | D:2      | Acquired 772 gold pieces
 11908 | D:8      | Found Kiobluih's Jewellery Emporium.
 11944 | D:8      | Bought a +4 ring of protection for 468 gold pieces
 12191 | D:8      | Noticed Maurice
 12210 | D:8      | Killed Maurice
 12675 | D:2      | Bought a scroll of enchant weapon for 105 gold pieces
 12675 | D:2      | Bought a scroll of enchant weapon for 105 gold pieces
 12844 | D:9      | Acquired 768 gold pieces
 12891 | D:9      | Reached XP level 11. HP: 22/72 MP: 2/15
 13167 | D:9      | Noticed a death knight
 13176 | D:9      | Reached skill level 5 in Poison Magic
 13488 | D:9      | Bought a scroll labelled VUTTAE VE UDID for 33 gold pieces
 13529 | D:9      | Reached skill level 10 in Stealth
 13722 | D:9      | Acquired a +2 hat of stealth
 13729 | D:9      | Acquired the +2 hat of Piycam {rPois rF+}
 13761 | D:9      | Killed a death knight
 13892 | D:9      | Found a broken altar of Ashenzari.
 13892 | D:9      | Noticed a two-headed ogre
 13904 | D:9      | Killed a two-headed ogre
 13993 | D:9      | Noticed Erica
 14003 | D:9      | Killed Erica
 14196 | D:10     | Entered Level 10 of the Dungeon
 14293 | D:10     | Found Vutitu's Armour Shop.
 14619 | D:10     | Reached XP level 12. HP: 79/79 MP: 17/17
 14625 | D:10     | Learned a level 4 spell: Olgreb's Toxic Radiance
 14629 | D:10     | Learned a level 3 spell: Swiftness
 14649 | D:10     | Found Iskops's Book Shoppe.
 14736 | D:10     | Found an ornate altar of the Wu Jian Council.
 15187 | D:11     | Slain by a meliai

Illustrated notes

Levels and vault maps discovered:
D:1:      psy_arrival_statuary, layout_basic,
          shapermc_ecumenical_altar_notcrosses, serial_shops, shop,
          chequers_serial_rivers_micro_c, interstate_on_off
D:2:      layout_loops_ring, serial_shops, nicolae_shop_crystal
D:3:      layout_loops_cross, item_on_display_a, uniq_natasha, uniq_terence
D:4:      layout_basic, marbit_many_paths, general_overflow_altar,
          enter_ossuary_2, uniq_eustachio
D:5:      layout_layer_cave, minmay_stone_trees_small
D:6:      layout_cave_pods, nicolae_overflow_hidden_temple, lemuel_tele_altar,
          st_stairs_9
D:7:      layout_basic, temple_statues
D:8:      layout_loops_ring, serial_shops, nicolae_shop_statue_plus,
          enter_bailey_6, uniq_maurice
D:9:      layout_grid_maze, cheibrodos_ashenzari_chains, uniq_erica
D:10:     layout_basic, kennysheep_mini, serial_shops, shop, shop, minmay_holes
D:11:     layout_small_grid, dpeg_oklobed_lair, serial_undead, serial_undead_f,
          serial_undead_a, serial_undead_a, serial_undead_f, serial_undead_c,
          serial_undead_b, minivault_26, zin_statuary
Temple:   nicolae_temple_elliptical

Skill      XL: |  1  2  3  4  5  6  7  8  9 10 11 |
---------------+----------------------------------+-----
Dodging        | 2 3 4 5 |  5.9
Stealth        | 6 7 8 9 10 | 10.1
Throwing       | 3 4 5 6 |  6.3
Short Blades   | 3 4 5 |  5.0
Fighting       | 3 4 5 6 |  6.3
Poison Magic   | 1 4 5 |  5.3
Conjurations   | 1 2 3 |  3.3
Air Magic      | 1 2 3 |  3.1
Spellcasting   | 1 2 3 |  3.5
Translocations | 1 2 3 |  3.3
Evocations     | 1 2 3 4 |  4.1
Transmutations | 1 2 3 |  3.2
Fire Magic     | 1 2 3 |  3.2
Axes           | 1 2 3 |  3.3
Hexes          | 2 |  2.9
Shields        | 1 9 |  9.2

Action                   |  1- 3 |  4- 6 |  7- 9 | 10-12 || total
-------------------------+-------+-------+-------+-------++-------
Melee: Dagger            |    74 |    25 |       |       ||    99
       Constrict         |    12 |    40 |    65 |    21 ||   138
       Tentacles         |    11 |    28 |    50 |    42 ||   131
       Short sword       |       |   119 |   230 |    43 ||   392
       Broad axe         |       |       |       |    84 ||    84
 Fire: Hunting sling     |       |       |       |    99 ||    99
Throw: Dart              |     1 |     2 |    76 |    40 ||   119
 Cast: Mephitic Cloud    |       |       |     7 |     3 ||    10
       Ignite Poison     |       |       |     3 |       ||     3
       Blink             |       |       |     2 |     2 ||     4
Invok: Call Merchant     |       |       |       |     2 ||     2
Evoke: Wand              |       |       |    11 |     3 ||    14
  Use: Scroll            |       |     6 |     7 |    17 ||    30
       Potion            |       |       |     2 |     6 ||     8
 Stab: Sleeping          |    18 |    19 |    10 |     7 ||    54
       Distracted        |       |       |     1 |       ||     1
       Confused          |       |       |     1 |     1 ||     2
       Invisible         |       |       |     1 |       ||     1
Armor: Skin              |     6 |     7 |     9 |    20 ||    42
Dodge: Dodged            |    41 |    75 |    96 |    77 ||   289
Block: Kite shield       |       |       |       |    72 ||    72

Table legend: (Time is in decaauts)
 A = Elapsed time spent in this place.
 B = Non-inter-level travel time spent in this place.
 C = Inter-level travel time spent in this place.
 D = Time resting spent in this place.
 E = Time spent auto-exploring this place.
 F = Levels seen in this place.
 G = Mean time per level.
                   A        B        C        D        E       F      G
               +--------+--------+--------+--------+--------+-----+--------+
         Total |  15190 |  13965 |   1225 |    528 |  10787 |  14 | 1085.0 |
       Dungeon |  12995 |  11789 |   1206 |    412 |   9572 |  11 | 1181.4 |
        Temple |     42 |     24 |     18 |      0 |     19 |   1 |   42.0 |
       Ossuary |    445 |    445 |      0 |      0 |    309 |   1 |  445.0 |
        Bailey |   1707 |   1707 |      0 |    115 |    887 |   1 | 1707.0 |
               +--------+--------+--------+--------+--------+-----+--------+

Top non-repeatable levels by time:
  Bailey: 1707 daAuts
     D:4: 1686 daAuts
     D:7: 1531 daAuts
     D:9: 1375 daAuts
     D:5: 1355 daAuts
     D:3: 1339 daAuts
     D:6: 1253 daAuts
     D:2: 1178 daAuts
     D:1: 1177 daAuts
     D:8: 1100 daAuts
    D:10: 968 daAuts
 Ossuary: 445 daAuts
  Temple: 42 daAuts
    D:11: 29 daAuts
